 Dungeon Crawl Stone Soup version 0.28-a0-544-g207b005307 (webtiles) character file.

Game seed: 10857729304947809009

5871 IndexError the Fighter (level 10, -6/68 HPs)
             Began as a Gargoyle Conjurer on Sept 28, 2021.
             Mangled by a two-headed ogre (13 damage)
             ... on level 9 of the Dungeon.
             The game lasted 00:29:14 (12457 turns).

IndexError the Fighter (Gargoyle Conjurer)         Turns: 12457, Time: 00:29:14

Health: -6/68      AC: 23    Str: 15    XL:     10   Next: 81%
Magic:  11/22      EV: 10    Int: 24    God:
Gold:   405        SH:  6    Dex:  8    Spells: 19/25 levels left

rFire   + . .      SeeInvis +   I - +4 spear
rCold   . . .      Faith    .   i - +2 buckler
rNeg    + + .      Spirit   .   s - +5 ring mail of the Devil {rF+}
rPois   ∞          Reflect  .   (no helmet)
rElec   +          Harm     .   o - +0 cloak
rCorr   .          Rampage  .   k - +0 pair of gloves
Will    .....                   G - +0 pair of boots
Stlth   +.........              (no amulet)
HPRegen 0.21/turn               q - ring "Vem Soce" {rElec rN+ Str+4 Int+2}
MPRegen 0.18/turn               a - ring of see invisible {sInv, !d}

@: studying Invocations
A: sickness immunity, AC +7, negative energy resistance 1, electricity
resistance, torment resistance 1, petrification resistance
a: no special abilities


You were on level 9 of the Dungeon.
You visited 2 branches of the dungeon, and saw 10 of its levels.

You collected 405 gold pieces.

Inventory:

Hand Weapons
 I - a +4 spear (weapon)
   (You took it off a gnoll on level 8 of the Dungeon)
Missiles
 h - a throwing net {=f, !d}
 n - 11 atropa-tipped darts
Armour
 i - a +2 buckler (worn)
   (You found it on level 2 of the Dungeon)
 k - a +0 pair of gloves (worn)
   (You found it on level 2 of the Dungeon)
 o - a +0 cloak (worn)
   (You took it off Crazy Yiuf on level 3 of the Dungeon)
 s - the +5 ring mail of the Devil (worn) {rF+}
   (You took it off an orc on level 4 of the Dungeon)

   rF:        It protects you from fire.
 G - a +0 pair of boots (worn)
   (You found it on level 8 of the Dungeon)
Jewellery
 a - a ring of see invisible (right hand) {sInv, !d}
   (You found it on level 6 of the Dungeon)
 q - the ring "Vem Soce" (left hand) {rElec rN+ Str+4 Int+2}
   (You acquired it on level 9 of the Dungeon)

   [ring of positive energy]

   Str:       It affects your strength (+4).
   Int:       It affects your intelligence (+2).
   rElec:     It insulates you from electricity.
   rN:        It protects you from negative energy.
 r - a ring of protection from fire {rF+, !d}
   (You found it on level 4 of the Dungeon)
 D - a ring of resist corrosion
   (You found it on level 7 of the Dungeon)
Wands
 j - a wand of flame (4)
   (You took it off Maggie on level 7 of the Dungeon)
 E - a wand of polymorph (9)
   (You found it on level 7 of the Dungeon)
Scrolls
 b - 3 scrolls of noise {!r}
 e - a scroll of vulnerability {!r!r}
 f - a scroll of magic mapping {!r}
 l - 3 scrolls of blinking {!r}
 p - 3 scrolls of identify
 t - 2 scrolls of teleportation
 B - a scroll of acquirement
 C - 2 scrolls of torment {!r}
Potions
 c - a potion of heal wounds {unknown}
 d - 3 potions of attraction {unknown}
 g - 4 potions of curing {unknown}
 m - a potion of flight {unknown}
 u - 3 potions of degeneration {unknown}
 w - a potion of cancellation
 x - 2 potions of mutation {unknown}
 z - a potion of berserk rage {unknown}
 A - 2 potions of haste {unknown}
 F - 2 potions of lignification {unknown}
 H - a potion of might
 J - a potion of brilliance {unknown}
 K - a potion of magic {unknown}


   Skills:
 - Level 10.0 Fighting
 + Level 7.7 Armour
 - Level 1.5 Dodging
 - Level 2.1 Stealth
 - Level 4.0 Shields
 - Level 8.0 Spellcasting
 + Level 7.7 Conjurations


You had 19 spell levels left.
You knew the following spells:

 Your Spells              Type           Power      Damage    Failure   Level
a - Magic Dart            Conj           100%       1d8       1%          1
b - Searing Ray           Conj           92%        2d7       1%          2
c - Dazzling Flash        Conj/Hex       56%        N/A       7%          3

Your spell library contained the following spells:

 Spells                   Type           Power      Damage    Failure   Level
 Stone Arrow              Conj/Erth      56%        3d10      7%          3
 Beastly Appendage        Tmut           18%        N/A       12%         1
 Summon Small Mammal      Summ           36%        N/A       12%         1
 Wereblood                Tmut           9%         N/A       17%         2
 Fulminant Prism          Conj/Hex       14%        3d9       24%         4
 Iskenderun's Mystic Bla  Conj/Tloc      28%        2d7       24%         4
 Call Canine Familiar     Summ           9%         N/A       34%         3
 Spider Form              Tmut/Pois      4%         N/A       34%         3
 Summon Guardian Golem    Hex/Summ       9%         N/A       34%         3
 Animate Armour           Summ/Erth      18%        N/A       75%         4
 Lehudib's Crystal Spear  Conj/Erth      14%        10d5      100%        8


Dungeon Overview and Level Annotations

Branches:
Dungeon (9/15)             Temple (1/1) D:5
   Lair: D:8-11         Orc: D:9-12

Altars:
Cheibriados
Dithmenos
Elyvilon
Fedhas
Gozag
Hepliaklqana
Kikubaaqudgha
Makhleb
Nemelex Xobeh
Okawaru
Qazlal
Ru
Sif Muna
Trog
Uskayaw
Vehumet
Wu Jian
Xom
Yredelemnul
Zin
The Shining One

Shops:
D:7 *


Innate Abilities, Weirdness & Mutations

You are immune to sickness and miasma.
Your stone body is resilient. (AC +7)
You are immune to poison.
You resist negative energy. (rN+)
You are resistant to electric shocks. (rElec)
You are resistant to unholy torment.
You are immune to petrification.


Message History

(Press . to maintain the ray.)
The orc shouts!
You now have 7/22 mp.
The searing ray hits the orc warrior but does no damage.
You hear the faint creaking of a very distant portcullis.
The searing ray misses the orc warrior.
You block the orc warrior's attack.
You now have 6/22 mp.
The searing ray hits the orc warrior.
The searing ray hits the orc!
You finish channelling your searing ray.
You block the orc warrior's attack.
You now have 5/22 mp.
Casting: Searing Ray (safe; 1% risk of failure)
Confirm with . or Enter, or press ? or * to list all spells.
Aiming: Searing Ray (safe; 1% risk of failure)
Press: ? - help, Shift-Dir - straight line, f/p - orc warrior
Aim: an orc warrior, wielding a +0 glaive and wearing a +0 chain mail (moderately wounded, 80% to hit)
The searing ray hits the orc warrior!
The searing ray hits the orc! (Press . to maintain the ray.)
The orc warrior hits you but does no damage.
You now have 3/22 mp.
The searing ray hits the orc warrior.
The orc warrior completely misses you.
You now have 2/22 mp.
The searing ray hits the orc warrior.
The orc warrior hits you but does no damage.
You now have 1/22 mp.
The searing ray hits the orc warrior but does no damage.
You finish channelling your searing ray.
The orc warrior hits you from afar with a +0 glaive.
You take 2 damage, and have 54/68 hp.
Casting: Searing Ray (safe; 1% risk of failure)
Confirm with . or Enter, or press ? or * to list all spells.
Aiming: Magic Dart (safe; 1% risk of failure)
Press: ? - help, Shift-Dir - straight line, f/p - orc warrior
Aim: an orc warrior, wielding a +0 glaive and wearing a +0 chain mail (severely wounded, 100% to hit)
The magic dart hits the orc warrior.
The orc warrior hits you from afar with a +0 glaive!
You take 14 damage, and have 40/68 hp.
MASSIVE DAMAGE!!
You now have 0/22 mp.
You are too injured to fight recklessly!
You are too injured to fight recklessly!
The orc warrior hits you with a +0 glaive!
You take 10 damage, and have 30/68 hp.
You puncture the orc warrior!
Things that are here:
a +0 glaive; a +0 chain mail You hear the creaking of a very distant portcullis.
A goblin comes into view. It is wielding a +0 spear.
You regained 13 hp, and now have 43/68 hp.
You regained 12 mp, and now have 12/22 mp.
You see here a +0 trident.
You reach to attack!
You hit the goblin.
No target in view!
No target in view!
You hear the creaking of a very distant portcullis.
A steam dragon comes into view.
You regained 7 hp, and now have 51/68 hp.
You regained 6 mp, and now have 18/22 mp.
No target in view!
No target in view!
A two-headed ogre comes into view.
It is wielding a +0 giant club and a +0 giant spiked club.
The two-headed ogre shouts in stereo!
You hear an angry hiss.
Casting: Magic Dart (safe; 1% risk of failure)
Confirm with . or Enter, or press ? or * to list all spells.
Aiming: Searing Ray (safe; 1% risk of failure)
Press: ? - help, Shift-Dir - straight line, f - two-headed ogre
Aim: a two-headed ogre, wielding a +0 giant club and a +0 giant spiked club (91% to hit)
The searing ray hits the two-headed ogre. (Press . to maintain the ray.)
You now have 17/22 mp.
The searing ray hits the two-headed ogre.
You now have 16/22 mp.
The searing ray misses the two-headed ogre.
A goblin comes into view. It is wielding a +0 spear.
The searing ray hits the two-headed ogre!
You finish channelling your searing ray.
The goblin shouts!
The two-headed ogre hits you with a +0 giant club.
The two-headed ogre hits you with a +0 giant spiked club!
You take 19 damage, and have 34/68 hp.
MASSIVE DAMAGE!!
You now have 15/22 mp.
Casting: Searing Ray (safe; 1% risk of failure)
Confirm with . or Enter, or press ? or * to list all spells.
Aiming: Searing Ray (safe; 1% risk of failure)
Press: ? - help, Shift-Dir - straight line, f/p - two-headed ogre
Aim: a two-headed ogre, wielding a +0 giant club and a +0 giant spiked club (moderately wounded, 91% to hit)
The searing ray hits the two-headed ogre. (Press . to maintain the ray.)
You block the two-headed ogre's attack.
The two-headed ogre hits you with a +0 giant spiked club!!
* * * LOW HITPOINT WARNING * * *
You take 18 damage, and have 16/68 hp.
MASSIVE DAMAGE!!
You now have 13/22 mp.
The searing ray hits the two-headed ogre!
The two-headed ogre hits you but does no damage.
The two-headed ogre hits you with a +0 giant spiked club!
* * * LOW HITPOINT WARNING * * *
You take 8 damage, and have 8/68 hp.
You now have 12/22 mp.
The searing ray hits the two-headed ogre!
The steam dragon completely misses you. The steam dragon barely misses you.
The two-headed ogre hits you with a +0 giant club.
* * * LOW HITPOINT WARNING * * *
The two-headed ogre hits you with a +0 giant spiked club!
You die...

* **,,^,,,,,** * *,,,,,,,,,,*
########## * *,,,,,,,,,,*
##...##<..## * *,,,,,,,,,,*
##..........## * *,,,,,,,,,,*
#...[........#** *
*,,,,,,,,,,*###...[).......... *
**,,,,,,,,**#....().........## *
**,,,,,,,,*##.#...........###* *
*,,,,,,,,,,#O@......##...## *, *
*,,,,,......D#.)#############, *
*,,,,,......##..#* #........#, ##
*,,,,,....g.*#...#*#........#.
.#**,,,,,.....,*#.#..##...<......
.#*,,,,,,....#,*..##..#.........#
.#,,**,,,....,,#.##*#..###.>###.#
...#*****#..***#.* ##.# #...**,*
,..#*****,,,***,,* *,* #.#.#*,*


You could see a two-headed ogre, a steam dragon and a goblin.

Vanquished Creatures
  Maggie (D:7)
  A wandering mushroom (D:8)
  Sigmund (D:2)
  A wyvern (D:7)
  6 yaks (D:6)
  2 steam dragons
  A floating eye (D:8)
  4 water moccasins
  2 sky beasts (D:6)
  An orc warrior (D:9)
  3 ice beasts
  A black bear (D:4)
  3 necrophages
  7 centaurs
  An ogre (D:5)
  A phantom (D:5)
  2 bullfrogs
  A gnoll sergeant (D:8)
  2 scorpions
  A water moccasin zombie (D:5)
  A wyvern skeleton (D:7)
  10 wights
  2 howler monkeys
  2 bullfrog zombies
  2 centaur zombies
  2 bullfrog skeletons
  Crazy Yiuf (D:3)
  A centaur skeleton (D:7)
  9 iguanas
  A scorpion zombie (D:5)
  A killer bee zombie (D:6)
  3 hound zombies (D:5)
  A howler monkey zombie (D:8)
  10 gnolls
  A howler monkey skeleton (D:4)
  4 river rats (D:7)
  9 adders
  A shadow imp (D:5)
  2 white imps
  2 ufetubi
  A worm (D:3)
  3 dart slugs
  24 orcs
  4 endoplasms
  A giant cockroach (D:4)
  7 goblins
  7 hobgoblins
  2 jackals (D:5)
  5 quokkas
  7 ball pythons
  3 bats
  3 frilled lizards
  6 kobolds
  7 rats
187 creatures vanquished.

Vanquished Creatures (others)
  35 plants
35 creatures vanquished.

Grand Total: 222 creatures vanquished

Notes
Turn   | Place    | Note
-------+----------+-------------------------------------------
     0 | D:1      | IndexError the Gargoyle Conjurer began the quest for the
                  | Orb.
     0 | D:1      | Reached XP level 1. HP: 10/10 MP: 3/3
   393 | D:1      | Reached XP level 2. HP: 13/15 MP: 0/5
  1050 | D:2      | Reached XP level 3. HP: 19/19 MP: 0/7
  1053 | D:2      | Learned a level 2 spell: Searing Ray
  1133 | D:2      | Reached skill level 5 in Conjurations
  1397 | D:2      | Reached skill level 3 in Spellcasting
  1415 | D:2      | Noticed Sigmund
  1607 | D:2      | Killed Sigmund
  1608 | D:2      | Reached skill level 4 in Spellcasting
  1608 | D:2      | Reached skill level 6 in Conjurations
  1608 | D:2      | Reached XP level 4. HP: 12/24 MP: 3/10
  1608 | D:2      | Reached XP level 5. HP: 14/28 MP: 3/11
  2237 | D:3      | Reached XP level 6. HP: 33/33 MP: 5/12
  2477 | D:3      | Reached skill level 1 in Fighting
  2618 | D:3      | Found a runed translucent door.
  2619 | D:3      | Noticed Crazy Yiuf
  2710 | D:3      | Killed Crazy Yiuf
  2980 | D:4      | Reached skill level 2 in Fighting
  3439 | D:4      | Identified the +4 chain mail "Daaji" {rElec SInv}
  3450 | D:4      | Reached skill level 3 in Fighting
  3450 | D:4      | Reached XP level 7. HP: 41/41 MP: 6/14
  3457 | D:4      | Identified the +5 ring mail of the Devil {rF+}
  3581 | D:4      | Reached skill level 5 in Spellcasting
  4076 | D:4      | Reached skill level 4 in Fighting
  4429 | D:5      | Entered Level 5 of the Dungeon
  4609 | D:5      | Found a staircase to the Ecumenical Temple.
  4610 | D:5      | You fall into a shaft and drop 1 floor!
  4955 | D:5      | Reached XP level 8. HP: 48/48 MP: 9/16
  5024 | D:5      | Reached skill level 5 in Fighting
  5024 | D:5      | Reached skill level 6 in Spellcasting
  5037 | Temple   | Entered the Ecumenical Temple
  5784 | D:5      | Reached skill level 6 in Fighting
  5872 | D:5      | Reached skill level 7 in Spellcasting
  5922 | D:5      | Reached skill level 7 in Fighting
  6105 | D:5      | Reached XP level 9. HP: 56/57 MP: 11/20
  7226 | D:6      | Reached skill level 8 in Fighting
  7226 | D:6      | Reached skill level 8 in Spellcasting
  7397 | D:6      | Reached skill level 9 in Fighting
  7412 | D:6      | Reached skill level 10 in Fighting
  7412 | D:6      | Reached skill level 1 in Shields
  7814 | D:6      | Reached skill level 2 in Shields
  7857 | D:6      | Reached skill level 1 in Armour
  8219 | D:7      | Reached skill level 3 in Shields
  8221 | D:7      | Reached skill level 2 in Armour
  8221 | D:7      | Reached XP level 10. HP: 62/68 MP: 12/22
  8232 | D:7      | Reached skill level 4 in Shields
  8391 | D:7      | Reached skill level 3 in Armour
  8568 | D:7      | Reached skill level 4 in Armour
  8927 | D:7      | Reached skill level 5 in Armour
  9334 | D:7      | Found Wiyjog's Blasphemy Boutique.
  9341 | D:7      | Noticed Maggie
  9360 | D:7      | Killed Maggie
  9361 | D:7      | Reached skill level 6 in Armour
  9368 | D:7      | Learned a level 3 spell: Dazzling Flash
 10434 | D:8      | Reached skill level 7 in Armour
 10434 | D:8      | Reached skill level 7 in Conjurations
 10533 | D:8      | Paralysed by a floating eye for 3 turns
 10685 | D:8      | Noticed an oklob plant
 10702 | D:8      | Noticed an oklob plant
 11393 | D:8      | HP: 14/68 [oklob plant/splash of acid (19)]
 11652 | D:8      | Noticed a shambling mangrove
 11652 | D:8      | an oklob plant changed into a shambling mangrove
 12016 | D:8      | an oklob plant changed into a wandering mushroom
 12234 | D:9      | Identified 2 scrolls of acquirement
 12234 | D:9      | Acquired the ring "Vem Soce" {rElec rN+ Str+4 Int+2}
 12449 | D:9      | Noticed a two-headed ogre
 12455 | D:9      | HP: 16/68 [two-headed ogre (18)]
 12457 | D:9      | HP: 7/68 [two-headed ogre (2)]
 12457 | D:9      | Mangled by a two-headed ogre

Illustrated notes

Levels and vault maps discovered:
D:1:      onia_arrival_pyramid, layout_basic
D:2:      layout_rooms, uniq_sigmund
D:3:      layout_basic, uniq_crazy_yiuf_cottage
D:4:      layout_basic, dk_vineyard_1, minmay_manual_moon
D:5:      minmay_octagon_keep, layout_loops_ring, minmay_temple_entry_large_hall
D:6:      layout_cave_pools
D:7:      wad_woods_tower, layout_basic, columned_hall_lemuel,
          nicolae_evil_shop, uniq_maggie
D:8:      layout_gridville, disabler_island
D:9:      layout_rooms, enter_bailey_3
Temple:   roderic_octagonal_lattice_temple

Skill      XL: |  1  2  3  4  5  6  7  8  9 10 |
---------------+-------------------------------+-----
Conjurations   | 6 7 |  7.7
Spellcasting   | 4 5 7 8 |  8.0
Fighting       | 3 4 7 10 | 10.0
Shields        | 3 4 |  4.0
Armour         | 2 7 |  7.7
Dodging        | |  1.5
Stealth        | |  2.1

Action                   |  1- 3 |  4- 6 |  7- 9 | 10-12 || total
-------------------------+-------+-------+-------+-------++-------
Melee: Unarmed           |    30 |       |       |       ||    30
       Dagger            |    22 |    10 |   137 |    36 ||   205
       Spear             |       |       |       |    20 ||    20
 Cast: Magic Dart        |    50 |    60 |   122 |    99 ||   331
       Searing Ray       |     3 |     7 |    47 |    45 ||   102
Evoke: Wand              |       |       |       |    13 ||    13
  Use: Scroll            |       |       |       |    11 ||    11
Armor: Robe              |    24 |     8 |    38 |       ||    70
       Steam dragon scal |       |       |    47 |    21 ||    68
       Ring mail         |       |       |       |    69 ||    69
Dodge: Dodged            |    44 |    11 |   128 |    96 ||   279
Block: Buckler           |     5 |     2 |    36 |    63 ||   106

Table legend: (Time is in decaauts)
 A = Elapsed time spent in this place.
 B = Non-inter-level travel time spent in this place.
 C = Inter-level travel time spent in this place.
 D = Time resting spent in this place.
 E = Time spent auto-exploring this place.
 F = Levels seen in this place.
 G = Mean time per level.
                   A        B        C        D        E       F      G
               +--------+--------+--------+--------+--------+-----+--------+
         Total |  12476 |  11677 |    799 |    526 |   9074 |  10 | 1247.6 |
       Dungeon |  12057 |  11328 |    729 |    526 |   8752 |   9 | 1339.7 |
        Temple |    418 |    348 |     70 |      0 |    322 |   1 |  418.0 |
               +--------+--------+--------+--------+--------+-----+--------+

Top non-repeatable levels by time:
     D:8: 2243 daAuts
     D:7: 2003 daAuts
     D:5: 1614 daAuts
     D:4: 1598 daAuts
     D:6: 1518 daAuts
     D:2: 1052 daAuts
     D:1: 1044 daAuts
     D:3: 805 daAuts
  Temple: 418 daAuts
     D:9: 176 daAuts

Table legend:
 A = Kills in this place as a percentage of kills in entire the game.
 B = Kills by you in this place as a percentage of kills by you in the entire game.
 C = Kills by friends in this place as a percentage of kills by friends in the entire game.
 D = Other kills in this place as a percentage of other kills in the entire game.
 E = Experience gained in this place as a percentage of experience gained in the entire game.
 F = Experience gained in this place divided by the number of levels of this place that you have seen.
                   A       B       C       D       E      F
               +-------+-------+-------+-------+-------+----------------------
         Total | 100.0 | 100.0 |   N/A |   N/A | 100.0 | 838.8
       Dungeon | 100.0 | 100.0 |   N/A |   N/A | 100.0 | 932.0
               +-------+-------+-------+-------+-------+----------------------
